WCHLSIM.com - West Coast Hockey League
html PUBLIC "-//W3C//DTD XHTML 1.0 Transitional//EN" "http://www.w3.org/TR/xhtml1/DTD/xhtml1-transitional.dtd"> WCHL - Game 783 - LAS VEGAS LIZARD KINGS vs SAN FRANCISCO SPIDERS

LAS VEGAS LIZARD KINGS vs SAN FRANCISCO SPIDERS

Created - 8 février 2024 at 22:47

Goals
1 2 3 T
LAS VEGAS LIZARD KINGS 1 1 0 2
SAN FRANCISCO SPIDERS 2 3 0 5
Shots
1 2 3 T
LAS VEGAS LIZARD KINGS 3 11 7 21
SAN FRANCISCO SPIDERS 13 14 10 37

1st period

1. SAN FRANCISCO SPIDERS , Kyle Palmieri 11 (Jack Roslovic 20, Viktor Arvidsson 16) at 0:58
2. SAN FRANCISCO SPIDERS , Andrei Svechnikov 17 (Sebastian Aho 31, Brady Tkachuk 33) at 2:32
3. LAS VEGAS LIZARD KINGS , Ryan Nugent-Hopkins 21 (Johnny Gaudreau 26) at 9:30 (PP)

Penalties :
Brandon Hagel (LVG) for Cross-checking (Minor) at 4:08, Dakota Joshua (SAF) for Hooking (Minor) at 9:00, Patrik Nemeth (LVG) for Cross-checking (Minor) at 13:07

2nd period

4. LAS VEGAS LIZARD KINGS , Ryan Nugent-Hopkins 22 (Johnny Gaudreau 27) at 4:38
5. SAN FRANCISCO SPIDERS , Bo Horvat 22 (Zach Hyman 32) at 13:19
6. SAN FRANCISCO SPIDERS , Sebastian Aho 18 (Brady Tkachuk 34, Brenden Dillon 16) at 18:04
7. SAN FRANCISCO SPIDERS , Bo Horvat 23 (Brock Faber 4, Zach Hyman 33) at 18:17

Penalties :
Darnell Nurse (SAF) for Roughing (Minor) at 1:21, Brady Tkachuk (SAF) for Slashing (Minor) at 8:47, Andrei Svechnikov (SAF) for Holding (Minor) at 14:43

3rd period

No Goal

Penalties :
Matt Roy (LVG) for Roughing (Minor) at 1:34, Matt Roy (LVG) for Tripping (Minor) at 10:29

Goalie Stats

Sergei Bobrovsky (LVG), 32 saves from 37 shots - (0,865), L, 23-16-3, 60:00 minutes
Igor Shesterkin (SAF), 19 saves from 21 shots - (0,905), W, 29-9-2, 60:00 minutes

Players Stats for LAS VEGAS LIZARD KINGS

Player Name              G  A  P  +/- PIM S  H  SB GA TA FO     MP     PP MP  PK MP  
------------------------------------------------------------------------------------
Brandon Hagel            0  0  0  -1  2   1  0  0  0  0  0/1    20:10   3:19   3:37 
Brayden McNabb           0  0  0   0  0   0  3  4  0  0  0/0    26:04   3:05   5:22 
Dmitry Kulikov           0  0  0  -3  0   0  0  1  0  0  0/0    18:19   0:00   4:16 
Evan Rodrigues           0  0  0  -1  0   0  0  0  0  0  0/0    17:58   3:08   1:35 
Jacob Bryson             0  0  0  -1  0   0  0  1  0  0  0/0    15:23   0:00   1:26 
Jalen Chatfield          0  0  0  -1  0   0  1  0  0  0  0/0    14:05   0:03   0:05 
Jeff Carter              0  0  0  -1  0   1  0  0  0  0  11/16  13:07   3:06   0:00 
Joe Pavelski             0  0  0  -2  0   6  1  0  0  0  2/5    22:46   3:21   2:44 
Johnny Gaudreau          0  2  2  -2  0   2  0  0  0  0  0/1    20:02   3:21   0:00 
Jordan Greenway          0  0  0   0  0   0  0  0  0  0  0/0     5:40   0:00   0:00 
Luke Glendening          0  0  0   0  0   0  1  0  0  0  4/7     5:40   0:00   0:00 
Matt Roy                 0  0  0  -3  4   1  1  1  0  0  0/0    18:48   3:19   1:51 
Patrik Nemeth            0  0  0   0  2   1  1  2  0  0  0/0    20:51   0:00   2:52 
Ryan Nugent-Hopkins      2  0  2  -2  0   4  2  0  0  0  16/26  22:46   3:21   2:44 
Ty Dellandrea            0  0  0   0  0   1  2  0  0  0  2/7    10:52   0:00   5:12 
Victor Olofsson          0  0  0  -1  0   1  0  0  0  0  0/0    13:07   3:06   0:00 
Vladislav Namestnikov    0  0  0  -1  0   1  0  0  0  0  5/20   16:21   3:06   0:00 
Zemgus Girgensons        0  0  0  -1  0   2  0  0  0  0  0/0    10:01   0:00   0:00 

Players Stats for SAN FRANCISCO SPIDERS

Player Name              G  A  P  +/- PIM S  H  SB GA TA FO     MP     PP MP  PK MP  
------------------------------------------------------------------------------------
Andrei Svechnikov        1  0  1   1  2   4  1  0  0  0  3/5    19:46   3:03   0:00 
Bo Horvat                2  0  2   2  0   8  0  0  0  0  20/30  23:04   4:16   3:14 
Brady Tkachuk            0  2  2   1  2   3  2  0  0  0  0/0    20:36   3:40   0:13 
Brenden Dillon           0  1  1   1  0   1  1  0  0  0  0/0    24:04   4:10   2:37 
Brock Faber              0  1  1   1  0   3  0  0  0  0  0/0    25:44   3:09   3:50 
Dakota Joshua            0  0  0   0  2   1  1  0  0  0  2/3     6:07   1:41   0:00 
Darnell Nurse            0  0  0   1  2   1  2  1  0  0  0/0    25:33   4:10   2:00 
Eeli Tolvanen            0  0  0   0  0   1  0  0  0  0  0/0     5:04   0:37   0:00 
Erik Gudbranson          0  0  0   2  0   1  0  0  0  0  0/0    10:49   0:37   0:37 
Jack Roslovic            0  1  1   1  0   3  1  0  0  0  4/9    11:52   0:00   3:00 
Jared McCann             0  0  0   2  0   2  2  0  0  0  0/1    18:46   3:12   0:00 
Kyle Palmieri            1  0  1   1  0   2  1  0  0  0  0/1     8:52   0:00   0:00 
Luke Hughes              0  0  0   2  0   0  0  0  0  0  0/0    10:12   0:37   0:00 
Michael Anderson         0  0  0   1  0   0  2  0  0  0  0/0    23:37   3:09   3:50 
Sam Lafferty             0  0  0   0  0   0  0  0  0  0  0/2     4:27   0:00   0:00 
Sebastian Aho            1  1  2   1  0   3  2  0  0  0  13/25  23:00   3:03   3:13 
Viktor Arvidsson         0  1  1   1  0   2  0  0  0  0  0/2     8:52   0:00   0:00 
Zach Hyman               0  2  2   2  0   2  1  0  0  0  1/5    23:04   4:16   3:14 

3 Stars

1 - Bo Horvat (SAF)
2 - Sebastian Aho (SAF)
3 - Zach Hyman (SAF)

Power Play

LAS VEGAS LIZARD KINGS - 1 on 4 Attempt(s) - 25,00%
SAN FRANCISCO SPIDERS - 0 on 4 Attempt(s) - 0,00%

Penalty Kill

LAS VEGAS LIZARD KINGS - 4 on 4 Attempt(s) - 100,00% - Score 0 goal in Penalty Kill
SAN FRANCISCO SPIDERS - 3 on 4 Attempt(s) - 75,00% - Score 0 goal in Penalty Kill

Team Stat

LAS VEGAS LIZARD KINGS - Hits : 12 - Faceoff Wins : 40 - Blocked Shots : 9 - Penalty Minutes : 8
SAN FRANCISCO SPIDERS - Hits : 16 - Faceoff Wins : 43 - Blocked Shots : 1 - Penalty Minutes : 8

Official

Referees : Ian Walsh and Sean MacFarlane
Linesman : Ryan Gibbons and Mark Shewchyk

Game Notes

No Game Note

Finance

Level 1 -- Attendance: 6105 (100,00%) -- Ticket Income 915 750 $
Level 2 -- Attendance: 5165 (99,71%) -- Ticket Income 516 500 $
Level 3 -- Attendance: 2035 (100,00%) -- Ticket Income 162 800 $
Level 4 -- Attendance: 4180 (100,00%) -- Ticket Income 250 800 $
Luxury Box -- Attendance: 949 (94,90%) -- Ticket Income 284 700 $
Game was played at the Bay Area Sports Center.
Total Attendance: 18434 (99,64%)
Total Ticket Income: 2 130 550 $
Other Expense: 21 306 $
Total Income: 2 109 244 $

LAS VEGAS LIZARD KINGS

5 vs 5 Forward 
   Center                   Left Wing                Right Wing               Time % Phy DF OF 
 1 Ryan Nugent-Hopkins      Johnny Gaudreau          Joe Pavelski             37     0   1  4  
 2 Vladislav Namestnikov    Brandon Hagel            Evan Rodrigues           30     0   2  3  
 3 Jeff Carter              Victor Olofsson          Zemgus Girgensons        23     0   3  2  
 4 Luke Glendening          Jordan Greenway          Ty Dellandrea            10     1   3  1  

5 vs 5 Defense 
   Defense                  Defense                                           Time % Phy DF OF 
 1 Brayden McNabb           Patrik Nemeth                                     45     1   2  2  
 2 Dmitry Kulikov           Matt Roy                                          35     1   2  2  
 3 Jacob Bryson             Jalen Chatfield                                   20     1   3  1  
 4 Brayden McNabb           Matt Roy                                          0      1   2  2  

PowerPlay Forward 
   Center                   Left Wing                Right Wing               Time % Phy DF OF 
 1 Ryan Nugent-Hopkins      Johnny Gaudreau          Joe Pavelski             65     0   0  5  
 2 Jeff Carter              Victor Olofsson          Vladislav Namestnikov    35     0   0  5  

PowerPlay Defense
   Defense                  Defense                                           Time % Phy DF OF 
 1 Brandon Hagel            Matt Roy                                          55     0   1  4  
 2 Brayden McNabb           Evan Rodrigues                                    45     0   1  4  

Penalty Kill 4 Players Forward 
   Center                   Wing                     Time % Phy DF OF 
 1 Ty Dellandrea            Brandon Hagel            55     1   2  2  
 2 Joe Pavelski             Ryan Nugent-Hopkins      45     1   2  2  

Penalty Kill 4 Players Defense
   Defense                  Defense                  Time % Phy DF OF 
 1 Brayden McNabb           Dmitry Kulikov           60     1   2  2  
 2 Patrik Nemeth            Matt Roy                 40     1   2  2  

Penalty Kill - 3 Players Forward 
   Forward                                           Time % Phy DF OF 
 1 Zemgus Girgensons                                 55     1   4  0  
 2 Luke Glendening                                   45     1   4  0  

Penalty Kill - 3 Players Defense
   Defense                  Defense                  Time % Phy DF OF 
 1 Brayden McNabb           Matt Roy                 55     1   4  0  
 2 Dmitry Kulikov           Jalen Chatfield          45     1   4  0  

4 vs 4 Forward 
   Center                   Wing                     Time % Phy DF OF 
 1 Ryan Nugent-Hopkins      Johnny Gaudreau          55     1   2  2  
 2 Jeff Carter              Joe Pavelski             45     1   2  2  

4 vs 4 Defense
   Defense                  Defense                  Time % Phy DF OF 
 1 Brayden McNabb           Patrik Nemeth            55     1   2  2  
 2 Dmitry Kulikov           Matt Roy                 45     1   2  2  

Last Minutes Offensive
   Center                   Left Wing                Right Wing               Defense                  Defense                  
   Ryan Nugent-Hopkins      Johnny Gaudreau          Joe Pavelski             Brayden McNabb           Matt Roy                 

Last Minutes Defensive
   Center                   Left Wing                Right Wing               Defense                  Defense                  
   Ryan Nugent-Hopkins      Vladislav Namestnikov    Joe Pavelski             Brayden McNabb           Dmitry Kulikov           

Goaltenders
Starting : Sergei Bobrovsky         
Backup : Kaapo Kahkonen           

Extra Forwards
Normal : Evan Rodrigues, Victor Olofsson, Joe Pavelski - PP : Brandon Hagel, Ty Dellandrea - PK : Evan Rodrigues
Extra Defensemen
Normal : Brayden McNabb, Dmitry Kulikov, Matt Roy - PP : Jalen Chatfield - PK : Brayden McNabb, Matt Roy
Penalty Shots
Johnny Gaudreau, Ryan Nugent-Hopkins, Joe Pavelski, Brandon Hagel, Evan Rodrigues
Custom OT Lines Forwards
Johnny Gaudreau, Ryan Nugent-Hopkins, Joe Pavelski, Brandon Hagel, Vladislav Namestnikov, Evan Rodrigues, Victor Olofsson, Jeff Carter, Ty Dellandrea, Jordan Greenway
Custom OT Lines Defensemen
Brayden McNabb, Dmitry Kulikov, Matt Roy, Patrik Nemeth, Jacob Bryson

Scratches
John Marino (Right Ankle Injury), Nathan Walker (Healthy)

SAN FRANCISCO SPIDERS

5 vs 5 Forward 
   Center                   Left Wing                Right Wing               Time % Phy DF OF 
 1 Sebastian Aho            Brady Tkachuk            Andrei Svechnikov        38     0   1  4  
 2 Bo Horvat                Jared McCann             Zach Hyman               37     0   1  4  
 3 Jack Roslovic            Viktor Arvidsson         Kyle Palmieri            20     0   3  2  
 4 Dakota Joshua            Sam Lafferty             Eeli Tolvanen            5      0   4  1  

5 vs 5 Defense 
   Defense                  Defense                                           Time % Phy DF OF 
 1 Darnell Nurse            Brenden Dillon                                    38     0   4  1  
 2 Michael Anderson         Brock Faber                                       37     0   4  1  
 3 Erik Gudbranson          Luke Hughes                                       15     0   5  0  
 4 Darnell Nurse            Brock Faber                                       10     0   4  1  

PowerPlay Forward 
   Center                   Left Wing                Right Wing               Time % Phy DF OF 
 1 Sebastian Aho            Andrei Svechnikov        Jared McCann             55     0   0  5  
 2 Bo Horvat                Brady Tkachuk            Zach Hyman               45     0   0  5  

PowerPlay Defense
   Defense                  Defense                                           Time % Phy DF OF 
 1 Darnell Nurse            Brenden Dillon                                    55     0   1  4  
 2 Michael Anderson         Brock Faber                                       45     0   1  4  

Penalty Kill 4 Players Forward 
   Center                   Wing                     Time % Phy DF OF 
 1 Zach Hyman               Bo Horvat                55     0   5  0  
 2 Sebastian Aho            Jack Roslovic            45     0   5  0  

Penalty Kill 4 Players Defense
   Defense                  Defense                  Time % Phy DF OF 
 1 Darnell Nurse            Brenden Dillon           55     0   5  0  
 2 Brock Faber              Michael Anderson         45     0   5  0  

Penalty Kill - 3 Players Forward 
   Forward                                           Time % Phy DF OF 
 1 Zach Hyman                                        55     0   5  0  
 2 Bo Horvat                                         45     0   5  0  

Penalty Kill - 3 Players Defense
   Defense                  Defense                  Time % Phy DF OF 
 1 Darnell Nurse            Brenden Dillon           55     0   5  0  
 2 Brock Faber              Michael Anderson         45     0   5  0  

4 vs 4 Forward 
   Center                   Wing                     Time % Phy DF OF 
 1 Zach Hyman               Bo Horvat                55     1   2  2  
 2 Sebastian Aho            Viktor Arvidsson         45     1   2  2  

4 vs 4 Defense
   Defense                  Defense                  Time % Phy DF OF 
 1 Darnell Nurse            Brenden Dillon           55     1   2  2  
 2 Michael Anderson         Brock Faber              45     1   2  2  

Last Minutes Offensive
   Center                   Left Wing                Right Wing               Defense                  Defense                  
   Zach Hyman               Sebastian Aho            Viktor Arvidsson         Darnell Nurse            Brenden Dillon           

Last Minutes Defensive
   Center                   Left Wing                Right Wing               Defense                  Defense                  
   Zach Hyman               Sebastian Aho            Viktor Arvidsson         Darnell Nurse            Brenden Dillon           

Goaltenders
Starting : Igor Shesterkin          
Backup : Kevin Lankinen           

Extra Forwards
Normal : Dakota Joshua, Jared McCann, Zach Hyman - PP : Dakota Joshua, Jared McCann - PK : Zach Hyman
Extra Defensemen
Normal : Darnell Nurse, Brock Faber, Brenden Dillon - PP : Michael Anderson - PK : Darnell Nurse, Erik Gudbranson
Penalty Shots
Zach Hyman, Bo Horvat, Sebastian Aho, Viktor Arvidsson, Andrei Svechnikov
Custom OT Lines Forwards
Zach Hyman, Bo Horvat, Sebastian Aho, Brady Tkachuk, Andrei Svechnikov, Jared McCann, Viktor Arvidsson, Kyle Palmieri, Dakota Joshua, Eeli Tolvanen
Custom OT Lines Defensemen
Darnell Nurse, Brock Faber, Brenden Dillon, Erik Gudbranson, Michael Anderson

Scratches
Jacob Middleton (Broken Left Foot Toe Injury), Sean Durzi (Fractured Left Foot Injury)

% Time on Ice - LAS VEGAS LIZARD KINGS

Lines # - Real PCT - Wanted PCT - Time Play
Normal Forward
1 - 37% - 37% - 16:41
2 - 29% - 30% - 13:15
3 - 22% - 23% - 10:01
4 - 12% - 10% - 5:40
Normal Defense
1 - 39% - 45% - 18:00
2 - 30% - 35% - 13:33
3 - 31% - 20% - 13:57
4 - 0% - 0% - 0:07
PP Forward
1 - 52% - 65% - 3:21
2 - 48% - 35% - 3:06
PP Defense
1 - 51% - 55% - 3:19
2 - 49% - 45% - 3:08
PK Forward
1 - 66% - 55% - 5:12
2 - 34% - 45% - 2:44
PK Defense
1 - 37% - 60% - 2:57
2 - 63% - 40% - 4:59
PK3 Forward
1 - 0% - 55%
2 - 0% - 45%
PK3 Defense
1 - 0% - 55%
2 - 0% - 45%
44 Forward
1 - 0% - 55%
2 - 0% - 45%
44 Defense
1 - 0% - 55%
2 - 0% - 45%
Last Minute Offensive  - 0:00
Last Minute Defensive  - 0:00
Total
Forward - 60:00
Defense - 60:00

% Time on Ice - SAN FRANCISCO SPIDERS

Lines # - Real PCT - Wanted PCT - Time Play
Normal Forward
1 - 37% - 38% - 16:44
2 - 34% - 37% - 15:34
3 - 19% - 20% - 8:52
4 - 10% - 5% - 4:27
Normal Defense
1 - 38% - 38% - 17:17
2 - 36% - 37% - 16:38
3 - 21% - 15% - 9:35
4 - 5% - 10% - 2:07
PP Forward
1 - 46% - 55% - 3:40
2 - 54% - 45% - 4:16
PP Defense
1 - 60% - 55% - 4:47
2 - 40% - 45% - 3:09
PK Forward
1 - 53% - 55% - 3:27
2 - 47% - 45% - 3:00
PK Defense
1 - 44% - 55% - 2:50
2 - 56% - 45% - 3:37
PK3 Forward
1 - 0% - 55%
2 - 0% - 45%
PK3 Defense
1 - 0% - 55%
2 - 0% - 45%
44 Forward
1 - 0% - 55%
2 - 0% - 45%
44 Defense
1 - 0% - 55%
2 - 0% - 45%
Last Minute Offensive  - 0:00
Last Minute Defensive  - 0:00
Total
Forward - 60:00
Defense - 60:00

Play-by-Play

1st period


0:01 of 1st period - Ryan Nugent-Hopkins wins face-off versus Andrei Svechnikov in neutral zone.
0:17 of 1st period - Off-side.
0:18 of 1st period - Vladislav Namestnikov wins face-off versus Bo Horvat in neutral zone.
0:34 of 1st period - Shot by Bo Horvat.
0:34 of 1st period - Stopped by Sergei Bobrovsky without a rebound.
0:35 of 1st period - Jeff Carter wins face-off versus Viktor Arvidsson in LAS VEGAS LIZARD KINGS zone.
0:56 of 1st period - Shot by Jack Roslovic.
0:56 of 1st period - Shot Misses the Net.
0:58 of 1st period - Shot by Kyle Palmieri.
0:58 of 1st period - Goal by Kyle Palmieri - LAS VEGAS LIZARD KINGS : 0 - SAN FRANCISCO SPIDERS : 1.
0:59 of 1st period - Bo Horvat wins face-off versus Luke Glendening in neutral zone.
1:14 of 1st period - Shot by Jared McCann.
1:14 of 1st period - Shot Misses the Net.
1:39 of 1st period - Zach Hyman is hit by Patrik Nemeth and loses puck.
1:53 of 1st period - Zach Hyman is hit by Matt Roy.
2:32 of 1st period - Shot by Andrei Svechnikov.
2:32 of 1st period - The goal is going for a video replay.
2:32 of 1st period - The goal is good.
2:32 of 1st period - Goal by Andrei Svechnikov - LAS VEGAS LIZARD KINGS : 0 - SAN FRANCISCO SPIDERS : 2.
2:33 of 1st period - Dakota Joshua wins face-off versus Vladislav Namestnikov in neutral zone.
2:55 of 1st period - Shot by Brandon Hagel.
2:55 of 1st period - Stopped by Igor Shesterkin without a rebound.
2:56 of 1st period - Jeff Carter wins face-off versus Jack Roslovic in SAN FRANCISCO SPIDERS zone.
3:29 of 1st period - Shot by Jack Roslovic.
3:29 of 1st period - Stopped by Sergei Bobrovsky without a rebound.
3:30 of 1st period - Vladislav Namestnikov wins face-off versus Sebastian Aho in LAS VEGAS LIZARD KINGS zone.
3:59 of 1st period - Shot by Evan Rodrigues.
3:59 of 1st period - Shot Misses the Net.
4:08 of 1st period - Minor Penalty to Brandon Hagel for Cross-checking.
4:09 of 1st period - Bo Horvat wins face-off versus Ty Dellandrea in LAS VEGAS LIZARD KINGS zone.
5:12 of 1st period - Shot by Sebastian Aho.
5:12 of 1st period - Stopped by Sergei Bobrovsky without a rebound.
5:13 of 1st period - Ty Dellandrea wins face-off versus Andrei Svechnikov in LAS VEGAS LIZARD KINGS zone.
5:33 of 1st period - Jared McCann is hit by Ty Dellandrea and loses puck.
5:40 of 1st period - Evan Rodrigues is hit by Andrei Svechnikov and loses puck.
6:12 of 1st period - Jack Roslovic is hit by Jalen Chatfield and loses puck.
7:06 of 1st period - Icing by Ryan Nugent-Hopkins.
7:07 of 1st period - Ryan Nugent-Hopkins wins face-off versus Jared McCann in LAS VEGAS LIZARD KINGS zone.
7:07 of 1st period - Joe Pavelski is hit by Jared McCann and loses puck.
7:16 of 1st period - Shot by Bo Horvat.
7:16 of 1st period - Shot Blocked by Jacob Bryson.
7:18 of 1st period - Shot by Brock Faber.
7:18 of 1st period - Stopped by Sergei Bobrovsky without a rebound.
7:19 of 1st period - Jeff Carter wins face-off versus Sebastian Aho in LAS VEGAS LIZARD KINGS zone.
7:55 of 1st period - Shot by Andrei Svechnikov.
7:55 of 1st period - Shot Misses the Net.
8:52 of 1st period - Icing by Ty Dellandrea.
8:53 of 1st period - Luke Glendening wins face-off versus Sam Lafferty in LAS VEGAS LIZARD KINGS zone.
8:53 of 1st period - Luke Glendening is hit by Dakota Joshua.
9:00 of 1st period - Minor Penalty to Dakota Joshua for Hooking.
9:01 of 1st period - Ryan Nugent-Hopkins wins face-off versus Zach Hyman in SAN FRANCISCO SPIDERS zone.
9:23 of 1st period - Bo Horvat is hit by Ryan Nugent-Hopkins and loses puck.
9:30 of 1st period - Shot by Ryan Nugent-Hopkins.
9:30 of 1st period - Goal by Ryan Nugent-Hopkins - LAS VEGAS LIZARD KINGS : 1 - SAN FRANCISCO SPIDERS : 2.
9:31 of 1st period - Andrei Svechnikov wins face-off versus Vladislav Namestnikov in neutral zone.
9:52 of 1st period - Shot by Andrei Svechnikov.
9:52 of 1st period - Stopped by Sergei Bobrovsky without a rebound.
9:53 of 1st period - Jack Roslovic wins face-off versus Ryan Nugent-Hopkins in LAS VEGAS LIZARD KINGS zone.
10:06 of 1st period - Shot by Viktor Arvidsson.
10:06 of 1st period - Deflect By Kyle Palmieri.
10:06 of 1st period - Shot Blocked by Patrik Nemeth.
10:08 of 1st period - Shot by Brock Faber.
10:08 of 1st period - Stopped by Sergei Bobrovsky without a rebound.
10:09 of 1st period - Jeff Carter wins face-off versus Bo Horvat in LAS VEGAS LIZARD KINGS zone.
10:14 of 1st period - Shot by Zach Hyman.
10:14 of 1st period - Shot Misses the Net.
10:16 of 1st period - Shot by Jared McCann.
10:16 of 1st period - Shot Misses the Net.
10:18 of 1st period - Shot by Darnell Nurse.
10:18 of 1st period - Shot Misses the Net.
10:20 of 1st period - Shot by Brenden Dillon.
10:20 of 1st period - Stopped by Sergei Bobrovsky without a rebound.
10:21 of 1st period - Sebastian Aho wins face-off versus Vladislav Namestnikov in LAS VEGAS LIZARD KINGS zone.
10:22 of 1st period - Shot by Brady Tkachuk.
10:22 of 1st period - Shot Misses the Net.
10:41 of 1st period - Shot by Sebastian Aho.
10:41 of 1st period - Shot Misses the Net.
11:21 of 1st period - Shot by Joe Pavelski.
11:21 of 1st period - Shot Misses the Net.
11:30 of 1st period - Shot by Joe Pavelski.
11:30 of 1st period - Shot Misses the Net.
12:27 of 1st period - Shot by Zemgus Girgensons.
12:27 of 1st period - Shot Misses the Net.
12:29 of 1st period - Shot by Zemgus Girgensons.
12:29 of 1st period - Stopped by Igor Shesterkin without a rebound.
12:30 of 1st period - Bo Horvat wins face-off versus Vladislav Namestnikov in SAN FRANCISCO SPIDERS zone.
12:35 of 1st period - Shot by Jared McCann.
12:35 of 1st period - Shot Blocked by Brayden McNabb.
12:38 of 1st period - Icing by Patrik Nemeth.
12:39 of 1st period - Vladislav Namestnikov wins face-off versus Bo Horvat in LAS VEGAS LIZARD KINGS zone.
13:06 of 1st period - Zach Hyman is hit by Brayden McNabb and loses puck.
13:07 of 1st period - Minor Penalty to Patrik Nemeth for Cross-checking.
13:08 of 1st period - Bo Horvat wins face-off versus Joe Pavelski in LAS VEGAS LIZARD KINGS zone.
13:09 of 1st period - Shot by Zach Hyman.
13:09 of 1st period - Shot Misses the Net.
13:11 of 1st period - Shot by Bo Horvat.
13:11 of 1st period - Shot Blocked by Brayden McNabb.
13:13 of 1st period - Shot by Zach Hyman.
13:13 of 1st period - Shot Misses the Net.
15:41 of 1st period - Shot by Kyle Palmieri.
15:41 of 1st period - Stopped by Sergei Bobrovsky without a rebound.
15:42 of 1st period - Ryan Nugent-Hopkins wins face-off versus Sebastian Aho in LAS VEGAS LIZARD KINGS zone.
16:09 of 1st period - Shot by Brady Tkachuk.
16:09 of 1st period - Deflect By Sebastian Aho.
16:09 of 1st period - Shot Misses the Net.
16:11 of 1st period - Shot by Brock Faber.
16:11 of 1st period - Stopped by Sergei Bobrovsky without a rebound.
16:12 of 1st period - Jack Roslovic wins face-off versus Vladislav Namestnikov in LAS VEGAS LIZARD KINGS zone.
16:19 of 1st period - Shot by Viktor Arvidsson.
16:19 of 1st period - Stopped by Sergei Bobrovsky without a rebound.
16:20 of 1st period - Bo Horvat wins face-off versus Vladislav Namestnikov in LAS VEGAS LIZARD KINGS zone.
16:21 of 1st period - Shot by Jared McCann.
16:21 of 1st period - Shot Misses the Net.
16:25 of 1st period - Shot by Bo Horvat.
16:25 of 1st period - Deflect By Jared McCann.
16:25 of 1st period - Shot Misses the Net.
18:55 of 1st period - Jeff Carter is hit by Brady Tkachuk and loses puck.
19:08 of 1st period - Shot by Bo Horvat.
19:08 of 1st period - Stopped by Sergei Bobrovsky without a rebound.
19:09 of 1st period - Bo Horvat wins face-off versus Luke Glendening in LAS VEGAS LIZARD KINGS zone.
Goals for this period are 1 for LAS VEGAS LIZARD KINGS vs 2 for SAN FRANCISCO SPIDERS.
Shots for this period are 3 for LAS VEGAS LIZARD KINGS vs 13 for SAN FRANCISCO SPIDERS.

2nd period


0:01 of 2nd period - Bo Horvat wins face-off versus Ryan Nugent-Hopkins in neutral zone.
0:08 of 2nd period - Shot by Bo Horvat.
0:08 of 2nd period - Shot Misses the Net.
0:27 of 2nd period - Shot by Ryan Nugent-Hopkins.
0:27 of 2nd period - Shot Misses the Net.
0:29 of 2nd period - Shot by Johnny Gaudreau.
0:29 of 2nd period - Stopped by Igor Shesterkin with a rebound.
0:31 of 2nd period - Shot by Ryan Nugent-Hopkins.
0:31 of 2nd period - Shot Misses the Net.
0:43 of 2nd period - Shot by Ryan Nugent-Hopkins.
0:43 of 2nd period - Shot Misses the Net.
0:55 of 2nd period - Shot by Vladislav Namestnikov.
0:55 of 2nd period - Shot Misses the Net.
0:57 of 2nd period - Shot by Brandon Hagel.
0:57 of 2nd period - Shot Misses the Net.
1:10 of 2nd period - Brandon Hagel is hit by Darnell Nurse and loses puck.
1:20 of 2nd period - Brandon Hagel is hit by Brenden Dillon.
1:21 of 2nd period - Minor Penalty to Darnell Nurse for Roughing.
1:22 of 2nd period - Vladislav Namestnikov wins face-off versus Sebastian Aho in SAN FRANCISCO SPIDERS zone.
1:33 of 2nd period - Shot by Jeff Carter.
1:33 of 2nd period - Stopped by Igor Shesterkin without a rebound.
1:34 of 2nd period - Sebastian Aho wins face-off versus Joe Pavelski in SAN FRANCISCO SPIDERS zone.
1:34 of 2nd period - Sebastian Aho is hit by Joe Pavelski.
2:54 of 2nd period - Victor Olofsson is hit by Sebastian Aho and loses puck.
3:50 of 2nd period - Shot by Ty Dellandrea.
3:50 of 2nd period - Stopped by Igor Shesterkin without a rebound.
3:51 of 2nd period - Ryan Nugent-Hopkins wins face-off versus Viktor Arvidsson in SAN FRANCISCO SPIDERS zone.
4:05 of 2nd period - Shot by Joe Pavelski.
4:05 of 2nd period - Stopped by Igor Shesterkin without a rebound.
4:06 of 2nd period - Bo Horvat wins face-off versus Ryan Nugent-Hopkins in SAN FRANCISCO SPIDERS zone.
4:13 of 2nd period - Shot by Ryan Nugent-Hopkins.
4:13 of 2nd period - Stopped by Igor Shesterkin without a rebound.
4:14 of 2nd period - Luke Glendening wins face-off versus Sebastian Aho in SAN FRANCISCO SPIDERS zone.
4:32 of 2nd period - Icing by Brock Faber.
4:33 of 2nd period - Ryan Nugent-Hopkins wins face-off versus Sebastian Aho in SAN FRANCISCO SPIDERS zone.
4:38 of 2nd period - Shot by Ryan Nugent-Hopkins.
4:38 of 2nd period - Goal by Ryan Nugent-Hopkins - LAS VEGAS LIZARD KINGS : 2 - SAN FRANCISCO SPIDERS : 2.
4:39 of 2nd period - Ryan Nugent-Hopkins wins face-off versus Bo Horvat in neutral zone.
4:42 of 2nd period - Shot by Joe Pavelski.
4:42 of 2nd period - Stopped by Igor Shesterkin with a rebound.
5:00 of 2nd period - Shot by Bo Horvat.
5:00 of 2nd period - Shot Blocked by Brayden McNabb.
5:02 of 2nd period - Shot by Bo Horvat.
5:02 of 2nd period - Stopped by Sergei Bobrovsky without a rebound.
5:03 of 2nd period - Sebastian Aho wins face-off versus Vladislav Namestnikov in LAS VEGAS LIZARD KINGS zone.
6:14 of 2nd period - Off-side.
6:15 of 2nd period - Jeff Carter wins face-off versus Zach Hyman in neutral zone.
6:32 of 2nd period - Shot by Jared McCann.
6:32 of 2nd period - Stopped by Sergei Bobrovsky without a rebound.
6:33 of 2nd period - Ryan Nugent-Hopkins wins face-off versus Jack Roslovic in LAS VEGAS LIZARD KINGS zone.
6:40 of 2nd period - Erik Gudbranson is hit by Ryan Nugent-Hopkins and loses puck.
8:47 of 2nd period - Minor Penalty to Brady Tkachuk for Slashing.
8:48 of 2nd period - Ryan Nugent-Hopkins wins face-off versus Sebastian Aho in SAN FRANCISCO SPIDERS zone.
9:27 of 2nd period - Shot by Zach Hyman.
9:27 of 2nd period - Shot Misses the Net.
9:50 of 2nd period - Shot by Jack Roslovic.
9:50 of 2nd period - Stopped by Sergei Bobrovsky without a rebound.
9:51 of 2nd period - Jeff Carter wins face-off versus Sebastian Aho in LAS VEGAS LIZARD KINGS zone.
10:05 of 2nd period - Shot by Brandon Hagel.
10:05 of 2nd period - Shot Misses the Net.
11:01 of 2nd period - Shot by Sam Lafferty.
11:01 of 2nd period - Shot Misses the Net.
11:20 of 2nd period - Shot by Dakota Joshua.
11:20 of 2nd period - Stopped by Sergei Bobrovsky without a rebound.
11:21 of 2nd period - Ryan Nugent-Hopkins wins face-off versus Jack Roslovic in LAS VEGAS LIZARD KINGS zone.
11:31 of 2nd period - Ryan Nugent-Hopkins is hit by Michael Anderson and loses puck.
11:52 of 2nd period - Shot by Johnny Gaudreau.
11:52 of 2nd period - Stopped by Igor Shesterkin without a rebound.
11:53 of 2nd period - Sebastian Aho wins face-off versus Vladislav Namestnikov in SAN FRANCISCO SPIDERS zone.
12:00 of 2nd period - Shot by Brady Tkachuk.
12:00 of 2nd period - Shot Misses the Net.
12:08 of 2nd period - Shot by Andrei Svechnikov.
12:08 of 2nd period - Deflect By Brady Tkachuk.
12:08 of 2nd period - Stopped by Sergei Bobrovsky without a rebound.
12:09 of 2nd period - Bo Horvat wins face-off versus Jeff Carter in LAS VEGAS LIZARD KINGS zone.
12:26 of 2nd period - Shot by Zach Hyman.
12:26 of 2nd period - Stopped by Sergei Bobrovsky with a rebound.
12:28 of 2nd period - Shot by Bo Horvat.
12:28 of 2nd period - Stopped by Sergei Bobrovsky with a rebound.
12:33 of 2nd period - Icing by Jacob Bryson.
12:34 of 2nd period - Jeff Carter wins face-off versus Sebastian Aho in LAS VEGAS LIZARD KINGS zone.
12:36 of 2nd period - Victor Olofsson is hit by Sebastian Aho and loses puck.
12:45 of 2nd period - Shot by Andrei Svechnikov.
12:45 of 2nd period - Shot Misses the Net.
12:47 of 2nd period - Shot by Darnell Nurse.
12:47 of 2nd period - Deflect By Sebastian Aho.
12:47 of 2nd period - Shot Misses the Net.
13:11 of 2nd period - Shot by Brady Tkachuk.
13:11 of 2nd period - Stopped by Sergei Bobrovsky without a rebound.
13:12 of 2nd period - Bo Horvat wins face-off versus Ryan Nugent-Hopkins in LAS VEGAS LIZARD KINGS zone.
13:13 of 2nd period - Shot by Zach Hyman.
13:13 of 2nd period - Shot Blocked by Matt Roy.
13:15 of 2nd period - Shot by Zach Hyman.
13:15 of 2nd period - Stopped by Sergei Bobrovsky with a rebound.
13:17 of 2nd period - Shot by Bo Horvat.
13:17 of 2nd period - Shot Misses the Net.
13:19 of 2nd period - Shot by Bo Horvat.
13:19 of 2nd period - Goal by Bo Horvat - LAS VEGAS LIZARD KINGS : 2 - SAN FRANCISCO SPIDERS : 3.
13:20 of 2nd period - Bo Horvat wins face-off versus Ryan Nugent-Hopkins in neutral zone.
14:00 of 2nd period - Brayden McNabb is hit by Zach Hyman and loses puck.
14:04 of 2nd period - Icing by Brayden McNabb.
14:05 of 2nd period - Andrei Svechnikov wins face-off versus Ryan Nugent-Hopkins in LAS VEGAS LIZARD KINGS zone.
14:43 of 2nd period - Minor Penalty to Andrei Svechnikov for Holding.
14:44 of 2nd period - Zach Hyman wins face-off versus Jeff Carter in SAN FRANCISCO SPIDERS zone.
14:55 of 2nd period - Shot by Brandon Hagel.
14:55 of 2nd period - Shot Misses the Net.
15:08 of 2nd period - Icing by Brandon Hagel.
15:09 of 2nd period - Jeff Carter wins face-off versus Zach Hyman in LAS VEGAS LIZARD KINGS zone.
15:24 of 2nd period - Icing by Vladislav Namestnikov.
15:25 of 2nd period - Jeff Carter wins face-off versus Zach Hyman in LAS VEGAS LIZARD KINGS zone.
15:34 of 2nd period - Shot by Brandon Hagel.
15:34 of 2nd period - Shot Blocked by Darnell Nurse.
16:07 of 2nd period - Shot by Ryan Nugent-Hopkins.
16:07 of 2nd period - Shot Misses the Net.
16:09 of 2nd period - Shot by Ryan Nugent-Hopkins.
16:09 of 2nd period - Shot Misses the Net.
16:11 of 2nd period - Shot by Joe Pavelski.
16:11 of 2nd period - Stopped by Igor Shesterkin without a rebound.
16:12 of 2nd period - Sebastian Aho wins face-off versus Ryan Nugent-Hopkins in SAN FRANCISCO SPIDERS zone.
16:32 of 2nd period - Ryan Nugent-Hopkins is hit by Jack Roslovic.
17:08 of 2nd period - Shot by Eeli Tolvanen.
17:08 of 2nd period - Stopped by Sergei Bobrovsky with a rebound.
17:10 of 2nd period - Shot by Luke Hughes.
17:10 of 2nd period - Shot Misses the Net.
17:12 of 2nd period - Shot by Erik Gudbranson.
17:12 of 2nd period - Stopped by Sergei Bobrovsky without a rebound.
17:13 of 2nd period - Jeff Carter wins face-off versus Bo Horvat in LAS VEGAS LIZARD KINGS zone.
17:18 of 2nd period - Shot by Victor Olofsson.
17:18 of 2nd period - Shot Misses the Net.
17:26 of 2nd period - Shot by Victor Olofsson.
17:26 of 2nd period - Stopped by Igor Shesterkin with a rebound.
17:38 of 2nd period - Shot by Jeff Carter.
17:38 of 2nd period - Shot Misses the Net.
17:40 of 2nd period - Shot by Matt Roy.
17:40 of 2nd period - Stopped by Igor Shesterkin without a rebound.
17:41 of 2nd period - Sebastian Aho wins face-off versus Brandon Hagel in SAN FRANCISCO SPIDERS zone.
17:52 of 2nd period - Shot by Brady Tkachuk.
17:52 of 2nd period - Deflect By Andrei Svechnikov.
17:52 of 2nd period - Shot Misses the Net.
17:56 of 2nd period - Shot by Sebastian Aho.
17:56 of 2nd period - Deflect By Brady Tkachuk.
17:56 of 2nd period - Shot Misses the Net.
18:04 of 2nd period - Shot by Sebastian Aho.
18:04 of 2nd period - Goal by Sebastian Aho - LAS VEGAS LIZARD KINGS : 2 - SAN FRANCISCO SPIDERS : 4.
18:05 of 2nd period - Bo Horvat wins face-off versus Johnny Gaudreau in neutral zone.
18:17 of 2nd period - Shot by Bo Horvat.
18:17 of 2nd period - Goal by Bo Horvat - LAS VEGAS LIZARD KINGS : 2 - SAN FRANCISCO SPIDERS : 5.
18:18 of 2nd period - Sebastian Aho wins face-off versus Vladislav Namestnikov in neutral zone.
19:20 of 2nd period - Icing by Brock Faber.
19:21 of 2nd period - Ryan Nugent-Hopkins wins face-off versus Bo Horvat in SAN FRANCISCO SPIDERS zone.
Goals for this period are 1 for LAS VEGAS LIZARD KINGS vs 3 for SAN FRANCISCO SPIDERS.
Shots for this period are 11 for LAS VEGAS LIZARD KINGS vs 14 for SAN FRANCISCO SPIDERS.

3rd period


0:01 of 3rd period - Vladislav Namestnikov wins face-off versus Sebastian Aho in neutral zone.
0:48 of 3rd period - Shot by Brady Tkachuk.
0:48 of 3rd period - Deflect By Andrei Svechnikov.
0:48 of 3rd period - Stopped by Sergei Bobrovsky without a rebound.
0:49 of 3rd period - Ryan Nugent-Hopkins wins face-off versus Bo Horvat in LAS VEGAS LIZARD KINGS zone.
0:49 of 3rd period - Ryan Nugent-Hopkins is hit by Jared McCann.
1:07 of 3rd period - Shot by Joe Pavelski.
1:07 of 3rd period - Shot Misses the Net.
1:13 of 3rd period - Shot by Ryan Nugent-Hopkins.
1:13 of 3rd period - Shot Misses the Net.
1:34 of 3rd period - Minor Penalty to Matt Roy for Roughing.
1:35 of 3rd period - Sebastian Aho wins face-off versus Ty Dellandrea in LAS VEGAS LIZARD KINGS zone.
1:38 of 3rd period - Shot by Andrei Svechnikov.
1:38 of 3rd period - Stopped by Sergei Bobrovsky without a rebound.
1:39 of 3rd period - Andrei Svechnikov wins face-off versus Ty Dellandrea in LAS VEGAS LIZARD KINGS zone.
1:44 of 3rd period - Shot by Darnell Nurse.
1:44 of 3rd period - Shot Misses the Net.
1:56 of 3rd period - Shot by Sebastian Aho.
1:56 of 3rd period - Shot Misses the Net.
2:08 of 3rd period - Shot by Sebastian Aho.
2:08 of 3rd period - Shot Misses the Net.
2:10 of 3rd period - Shot by Darnell Nurse.
2:10 of 3rd period - Shot Misses the Net.
2:12 of 3rd period - Shot by Darnell Nurse.
2:12 of 3rd period - Shot Blocked by Dmitry Kulikov.
2:47 of 3rd period - Shot by Brady Tkachuk.
2:47 of 3rd period - Shot Misses the Net.
2:49 of 3rd period - Shot by Bo Horvat.
2:49 of 3rd period - Stopped by Sergei Bobrovsky without a rebound.
2:50 of 3rd period - Ty Dellandrea wins face-off versus Bo Horvat in LAS VEGAS LIZARD KINGS zone.
2:54 of 3rd period - Ty Dellandrea is hit by Michael Anderson and loses puck.
3:09 of 3rd period - Shot by Zach Hyman.
3:09 of 3rd period - Shot Blocked by Patrik Nemeth.
3:11 of 3rd period - Shot by Brock Faber.
3:11 of 3rd period - Shot Misses the Net.
3:38 of 3rd period - Shot by Viktor Arvidsson.
3:38 of 3rd period - Stopped by Sergei Bobrovsky without a rebound.
3:39 of 3rd period - Ryan Nugent-Hopkins wins face-off versus Jack Roslovic in LAS VEGAS LIZARD KINGS zone.
3:48 of 3rd period - Shot by Joe Pavelski.
3:48 of 3rd period - Stopped by Igor Shesterkin without a rebound.
3:49 of 3rd period - Jack Roslovic wins face-off versus Ryan Nugent-Hopkins in SAN FRANCISCO SPIDERS zone.
3:55 of 3rd period - Icing by Kyle Palmieri.
3:56 of 3rd period - Ryan Nugent-Hopkins wins face-off versus Kyle Palmieri in SAN FRANCISCO SPIDERS zone.
3:57 of 3rd period - Shot by Joe Pavelski.
3:57 of 3rd period - Shot Misses the Net.
4:58 of 3rd period - Icing by Jacob Bryson.
4:59 of 3rd period - Sebastian Aho wins face-off versus Ryan Nugent-Hopkins in LAS VEGAS LIZARD KINGS zone.
6:06 of 3rd period - Shot by Jared McCann.
6:06 of 3rd period - Stopped by Sergei Bobrovsky without a rebound.
6:07 of 3rd period - Dakota Joshua wins face-off versus Jeff Carter in LAS VEGAS LIZARD KINGS zone.
6:23 of 3rd period - Icing by Darnell Nurse.
6:24 of 3rd period - Luke Glendening wins face-off versus Dakota Joshua in SAN FRANCISCO SPIDERS zone.
6:32 of 3rd period - Matt Roy is hit by Darnell Nurse and loses puck.
6:46 of 3rd period - Icing by Brenden Dillon.
6:47 of 3rd period - Jeff Carter wins face-off versus Sam Lafferty in SAN FRANCISCO SPIDERS zone.
7:33 of 3rd period - Darnell Nurse is hit by Brayden McNabb and loses puck.
8:43 of 3rd period - Shot by Vladislav Namestnikov.
8:43 of 3rd period - Deflect By Brandon Hagel.
8:43 of 3rd period - Shot Misses the Net.
8:58 of 3rd period - Icing by Brock Faber.
8:59 of 3rd period - Ryan Nugent-Hopkins wins face-off versus Bo Horvat in SAN FRANCISCO SPIDERS zone.
9:10 of 3rd period - Shot by Ryan Nugent-Hopkins.
9:10 of 3rd period - Shot Misses the Net.
9:52 of 3rd period - Joe Pavelski is hit by Brady Tkachuk and loses puck.
10:19 of 3rd period - Jack Roslovic is hit by Ty Dellandrea and loses puck.
10:29 of 3rd period - Minor Penalty to Matt Roy for Tripping.
10:30 of 3rd period - Bo Horvat wins face-off versus Ty Dellandrea in LAS VEGAS LIZARD KINGS zone.
10:43 of 3rd period - Shot by Darnell Nurse.
10:43 of 3rd period - Shot Blocked by Brayden McNabb.
11:48 of 3rd period - Icing by Dakota Joshua.
11:49 of 3rd period - Joe Pavelski wins face-off versus Sebastian Aho in SAN FRANCISCO SPIDERS zone.
12:09 of 3rd period - Shot by Ryan Nugent-Hopkins.
12:09 of 3rd period - Stopped by Igor Shesterkin without a rebound.
12:10 of 3rd period - Joe Pavelski wins face-off versus Bo Horvat in SAN FRANCISCO SPIDERS zone.
12:23 of 3rd period - Shot by Ryan Nugent-Hopkins.
12:23 of 3rd period - Deflect By Joe Pavelski.
12:23 of 3rd period - Stopped by Igor Shesterkin without a rebound.
12:24 of 3rd period - Bo Horvat wins face-off versus Ty Dellandrea in SAN FRANCISCO SPIDERS zone.
12:39 of 3rd period - Shot by Jack Roslovic.
12:39 of 3rd period - Shot Misses the Net.
13:01 of 3rd period - Shot by Jack Roslovic.
13:01 of 3rd period - Stopped by Sergei Bobrovsky with a rebound.
13:46 of 3rd period - Shot by Eeli Tolvanen.
13:46 of 3rd period - Shot Misses the Net.
14:07 of 3rd period - Icing by Jalen Chatfield.
14:08 of 3rd period - Sebastian Aho wins face-off versus Jeff Carter in LAS VEGAS LIZARD KINGS zone.
14:09 of 3rd period - Shot by Darnell Nurse.
14:09 of 3rd period - Stopped by Sergei Bobrovsky with a rebound.
14:27 of 3rd period - Shot by Sebastian Aho.
14:27 of 3rd period - Stopped by Sergei Bobrovsky without a rebound.
14:28 of 3rd period - Bo Horvat wins face-off versus Vladislav Namestnikov in LAS VEGAS LIZARD KINGS zone.
14:29 of 3rd period - Shot by Zach Hyman.
14:29 of 3rd period - Shot Misses the Net.
14:39 of 3rd period - Shot by Vladislav Namestnikov.
14:39 of 3rd period - Stopped by Igor Shesterkin without a rebound.
14:40 of 3rd period - Sebastian Aho wins face-off versus Ryan Nugent-Hopkins in SAN FRANCISCO SPIDERS zone.
15:05 of 3rd period - Icing by Brenden Dillon.
15:06 of 3rd period - Sebastian Aho wins face-off versus Vladislav Namestnikov in SAN FRANCISCO SPIDERS zone.
15:14 of 3rd period - Icing by Brayden McNabb.
15:15 of 3rd period - Bo Horvat wins face-off versus Vladislav Namestnikov in LAS VEGAS LIZARD KINGS zone.
15:27 of 3rd period - Shot by Brandon Hagel.
15:27 of 3rd period - Shot Misses the Net.
15:29 of 3rd period - Shot by Patrik Nemeth.
15:29 of 3rd period - Stopped by Igor Shesterkin without a rebound.
15:30 of 3rd period - Ryan Nugent-Hopkins wins face-off versus Sebastian Aho in SAN FRANCISCO SPIDERS zone.
15:55 of 3rd period - Shot by Brady Tkachuk.
15:55 of 3rd period - Stopped by Sergei Bobrovsky without a rebound.
15:56 of 3rd period - Bo Horvat wins face-off versus Vladislav Namestnikov in LAS VEGAS LIZARD KINGS zone.
16:13 of 3rd period - Icing by Brock Faber.
16:14 of 3rd period - Bo Horvat wins face-off versus Joe Pavelski in SAN FRANCISCO SPIDERS zone.
16:40 of 3rd period - Shot by Bo Horvat.
16:40 of 3rd period - Stopped by Sergei Bobrovsky without a rebound.
16:41 of 3rd period - Sebastian Aho wins face-off versus Vladislav Namestnikov in LAS VEGAS LIZARD KINGS zone.
16:42 of 3rd period - Shot by Brady Tkachuk.
16:42 of 3rd period - Shot Misses the Net.
16:57 of 3rd period - Shot by Vladislav Namestnikov.
16:57 of 3rd period - Shot Misses the Net.
17:18 of 3rd period - Andrei Svechnikov is hit by Brayden McNabb and loses puck.
18:07 of 3rd period - Shot by Joe Pavelski.
18:07 of 3rd period - Stopped by Igor Shesterkin without a rebound.
18:08 of 3rd period - Bo Horvat wins face-off versus Jeff Carter in SAN FRANCISCO SPIDERS zone.
18:16 of 3rd period - Shot by Zemgus Girgensons.
18:16 of 3rd period - Stopped by Igor Shesterkin without a rebound.
18:17 of 3rd period - Bo Horvat wins face-off versus Luke Glendening in SAN FRANCISCO SPIDERS zone.
18:17 of 3rd period - Bo Horvat is hit by Luke Glendening.
18:47 of 3rd period - Shot by Zach Hyman.
18:47 of 3rd period - Deflect By Bo Horvat.
18:47 of 3rd period - Shot Misses the Net.
18:56 of 3rd period - Icing by Jacob Bryson.
18:57 of 3rd period - Luke Glendening wins face-off versus Jack Roslovic in LAS VEGAS LIZARD KINGS zone.
18:57 of 3rd period - Luke Glendening is hit by Kyle Palmieri.
19:08 of 3rd period - Icing by Erik Gudbranson.
19:09 of 3rd period - Jack Roslovic wins face-off versus Vladislav Namestnikov in SAN FRANCISCO SPIDERS zone.
Goals for this period are 0 for LAS VEGAS LIZARD KINGS vs 0 for SAN FRANCISCO SPIDERS.
Shots for this period are 7 for LAS VEGAS LIZARD KINGS vs 10 for SAN FRANCISCO SPIDERS.


BRAD
MARCHAND
ANZE
KOPITAR
JAMIE
BENN

EAST COAST

HOCKEY LEAGUE

  • 69.QUE5CHW3
  • 70.CHA3TRV4
  • 71.PITRHI
  • 72.ATLWOR